 Dungeon Crawl Stone Soup version 0.27-a0-1513-g2aaa0cc67b (webtiles) character file.

Game seed: 6302673090507084970

39 lunkers the Insei (level 3, 0/28 HPs)
             Began as a Djinni Warper on July 9, 2021.
             Killed from afar by Natasha (6 damage)
             ... with a magic dart
             ... on level 2 of the Dungeon.
             The game lasted 00:01:38 (1521 turns).

lunkers the Insei (Djinni Warper)                   Turns: 1521, Time: 00:01:39

Health: 0/28       AC:  3    Str: 11    XL:     3   Next: 70%
Gold:   39         EV: 11    Int: 14    God:
                   SH:  0    Dex: 12

rFire    + + .     SeeInvis .   h - +2 short sword (drain)
rCold    x . .     Faith    .   (no shield)
rNeg     . . .     Spirit   .   a - +0 leather armour
rPois    ∞         Reflect  .   (no helmet)
rElec    .         Harm     .   (no cloak)
rCorr    .         Rampage  .   (no gloves)
Will     .....                  (boots unavailable)
Stlth    +.........             (no amulet)
HPRegen  0.09/turn              (no ring)
MPRegen  0.00/turn              (no ring)

@: flying
A: sickness immunity, fire resistance 2, cold vulnerability 1, float, innate
caster, hp casting, extra vitality 1
a: no special abilities


You were on level 2 of the Dungeon.
You visited 1 branch of the dungeon, and saw 2 of its levels.

You collected 39 gold pieces.

Inventory:

Hand Weapons
 h - a +2 short sword of draining (weapon)
Missiles
 c - 5 boomerangs of dispersal
 f - 5 stones
Armour
 a - a +0 leather armour (worn)
Scrolls
 b - a scroll of blinking
 d - a scroll of acquirement {unknown}
 e - a scroll of identify {unknown}
Potions
 g - a potion of heal wounds {unknown}
 i - 2 potions of degeneration {unknown}


   Skills:
 - Level 2.0 Fighting
 - Level 0.7 Throwing
 - Level 1.0 Armour
 - Level 2.1 Dodging
 * Level 3.8 Unarmed Combat
 - Level 2.4 Spellcasting


You couldn't memorise any spells.
You knew the following spells:

 Your Spells              Type           Power      Damage    Failure   Level
a - Sting                 Tmut/Pois      32%        1d4       11%         1
b - Lesser Beckoning      Tloc           4%         N/A       32%         3
c - Gell's Gravitas       Tloc           4%         N/A       32%         3
d - Teleport Other        Tloc           8%         N/A       32%         3
e - Manifold Assault      Tloc           8%         N/A       97%         5
p - Blink                 Tloc           N/A        N/A       17%         2
Your spell library was empty.

Dungeon Overview and Level Annotations

Branches:
Dungeon (2/15)

Altars:

Annotations:
D:2 Jessica, Natasha


Innate Abilities, Weirdness & Mutations

You are immune to sickness and miasma.
You are immune to poison.
Your flesh is very heat resistant. (rF++)
You are vulnerable to cold. (rC-)
You float through the air rather than walking.
You learn spells naturally, not from books.
Your magical power is your life essence.
You have superior vitality. (+4 HP)


Message History

The dart slug is heavily wounded.
Natasha mumbles some strange words.
Jessica the Apprentice Sorceress comes into view.
She is wielding a +0 club.
Jessica shouts!
You hit the dart slug.
The dart slug is severely wounded.
The dart slug launches a dart at you. The slug dart hits you.
Natasha casts a spell.
The crimson imp blinks!
You hit the dart slug. You drain the dart slug.
You kill the dart slug!
You closely miss Natasha.
A quokka comes into view.
Natasha wildly gestures.
Natasha shimmers violently.
Natasha barely misses you.
The crimson imp blinks!
The crimson imp barely misses you.
You hit Natasha. You drain Natasha.
Natasha is lightly wounded.
Natasha casts a spell at you. The magic dart hits you!
* * * LOW HITPOINT WARNING * * *
The crimson imp hits you.
* * * LOW HITPOINT WARNING * * *
Casting: Sting (safe; 11% risk of failure)
Confirm with . or Enter, or press ? or * to list all spells.
Aiming: Sting (safe; 11% risk of failure)
Press: ? - help, Shift-Dir - straight line, f - Natasha
Aim: Natasha (lightly wounded, heavily drained, 60% to hit)
Okay, then.
Casting: Sting (safe; 11% risk of failure)
Confirm with . or Enter, or press ? or * to list all spells.
Okay, then.
Natasha mumbles some strange words.
You feel troubled.
Natasha mumbles some strange words.
Natasha casts a spell at you. The magic dart hits you.
You die...

########. ........
#..$#.##. #....r...
#5.....# #5h..# ##
#.@5## .##### #@).#
.....#
#######...##..#
.###.#
#.............# ##
#.#####.##.PP...###.#
#
#......†..P♣.P.....$
#
#######.#P..P.P####.#
# #.#P♣_P♣.# #
#........# ##....P..#


You could see an iron imp (summoned), Natasha (drained), 2 crimson imps, Jessica
and a quokka.

Vanquished Creatures
  A dart slug (D:2)
  3 ball pythons (D:1)
  3 bats (D:1)
  An endoplasm (D:1)
  A giant cockroach (D:2)
  2 goblins (D:1)
  4 hobgoblins
  6 jackals (D:1)
  6 kobolds (D:1)
  2 quokkas (D:1)
  2 rats (D:1)
31 creatures vanquished.

Notes
Turn   | Place    | Note
-------+----------+-------------------------------------------
     0 | D:1      | lunkers the Djinni Warper began the quest for the Orb.
     0 | D:1      | Reached XP level 1. HP: 18/18 MP: 0/0
   155 | D:1      | Reached XP level 2. HP: 19/23 MP: 0/0
   444 | D:1      | Reached skill level 3 in Unarmed Combat
   842 | D:1      | Reached XP level 3. HP: 28/28 MP: 0/0
   842 | D:1      | Learned a level 1 spell: Sting
  1485 | D:2      | Found a faded altar of an unknown god.
  1487 | D:2      | Noticed Natasha
  1515 | D:2      | Noticed Jessica
  1521 | D:2      | Killed from afar by Natasha

Illustrated notes

Levels and vault maps discovered:
D:1:      ncdulo_halloftheorcs, layout_basic, skrybe_limestone_x, minivault_23
D:2:      layout_basic, ebering_ecumenical_altar_petrified, serial_shops,
          nicolae_shop_statue_plus, uniq_natasha, uniq_crazy_yiuf_cottage,
          uniq_terence, uniq_jessica

Skill      XL: |  1  2 |
---------------+-------+-----
Unarmed Combat | 3 |  3.8
Fighting       | |  2.0
Throwing       | |  0.7
Armour         | |  1.0
Dodging        | |  2.1
Spellcasting   | |  2.4

Action                   || total
-------------------------++-------
Melee: Unarmed           ||    49
       Short sword       ||    31
 Cast: Sting             ||    27
Armor: Leather armour    ||    20
Dodge: Dodged            ||    69

Table legend: (Time is in decaauts)
 A = Elapsed time spent in this place.
 B = Non-inter-level travel time spent in this place.
 C = Inter-level travel time spent in this place.
 D = Time resting spent in this place.
 E = Time spent auto-exploring this place.
 F = Levels seen in this place.
 G = Mean time per level.
                   A        B        C        D        E       F      G
               +--------+--------+--------+--------+--------+-----+--------+
         Total |   1520 |   1494 |     26 |      0 |   1275 |   2 |  760.0 |
       Dungeon |   1520 |   1494 |     26 |      0 |   1275 |   2 |  760.0 |
               +--------+--------+--------+--------+--------+-----+--------+

Top non-repeatable levels by time:
     D:1: 1458 daAuts
     D:2: 62 daAuts
